 Dungeon Crawl Stone Soup version 0.30-a0-585-g93115170b9 (webtiles) character file.

Game seed: 13730622625182832778

462 Angani the Cutter (level 6, -2/1 (53) HPs)
             Began as a Draconian Reaver on Jan 3, 2023.
             Was an Initiate of Gozag.
             Slain by a hound (3 damage)
             ... on level 4 of the Dungeon.
             The game lasted 00:06:10 (3842 turns).

Angani the Cutter (Draconian Reaver)                Turns: 3842, Time: 00:06:11

HP:   -2/1 (53)     AC:  7    Str: 15    XL:     6   Next: 79%
MP:   7/9           EV: 12    Int: 15    God:    Gozag
Gold: 261           SH:  0    Dex:  9    Spells: 5/9 levels left

rFire   . . .      SeeInvis .    a - +0 short sword
rCold   . . .      Faith    .    (no shield)
rNeg    + . .      Spirit   .    (body armour unavailable)
rPois   .          Reflect  .    (helmet restricted)
rElec   .          Harm     .    (no cloak)
rCorr   .          Rampage  .    l - +0 pair of gloves
Will    .....                    (no boots)
Stlth   +                        n - amulet of regeneration
HPRegen 1.00/turn                s - ring of positive energy
MPRegen 0.11/turn                (no ring)

@: gold aura, extremely drained
A: AC +6, unfitting armour, cold-blooded
a: Renounce Religion, Potion Petition, Call Merchant, Bribe Branch


You were on level 4 of the Dungeon.
You worshipped Gozag.
Gozag was aware of your devotion.
You visited 1 branch of the dungeon, and saw 4 of its levels.

You collected 261 gold pieces.

Inventory:

Hand Weapons
 a - a +0 short sword (weapon)
 c - a +0 dagger of freezing
Armour
 l - a +0 pair of gloves (worn)
Jewellery
 n - an amulet of regeneration (around neck)
 s - a ring of positive energy (left hand)
Scrolls
 b - a scroll of noise {unknown}
 e - a scroll of fear
 f - 2 scrolls of teleportation
 g - a scroll of magic mapping
 j - a scroll of brand weapon {unknown}
 k - a scroll of butterflies {unknown}
 o - 3 scrolls of identify {unknown}
Potions
 d - 2 potions of curing {unknown}
 h - a potion of invisibility {unknown}
 i - a potion of mutation {unknown}
 m - a potion of ambrosia {unknown}
 p - a potion of lignification {unknown}
 q - a potion of might {unknown}
 r - a potion of heal wounds


   Skills:
 + Level 4.5 Fighting
 + Level 4.7 Short Blades
 - Level 1.7 Dodging
 - Level 2.0 Spellcasting
 - Level 4.4 Conjurations
 + Level 3.3 Necromancy


You had 5 spell levels left.
You knew the following spells:

 Your Spells              Type           Power      Damage    Failure   Level
a - Kiss of Death         Conj/Necr      52%        2d9       4%          1
b - Vampiric Draining     Necr           11%        2d6       17%         3

Your spell library contained the following spells:

 Spells                   Type           Power      Damage    Failure   Level
 Momentum Strike          Conj/Tloc      16%        3d8       14%         2
 Slow                     Hex            4%         N/A       22%         1
 Hailstorm                Conj/Ice       8%         3d4       26%         3
 Confusing Touch          Hex            1%         N/A       54%         3


Dungeon Overview and Level Annotations

Branches:
Dungeon (4/15)
 Temple: D:4-7

Altars:
Gozag


Innate Abilities, Weirdness & Mutations

Your plain brown scales are hard. (AC +6)
You cannot fit into any form of body armour.
You are cold-blooded and may be slowed by cold attacks.


Message History

The orc is almost dead.
You feel drained. The hound bites you but does no damage. The hound misses you.
The orc misses you.
Unknown command.
You hit the orc but do no damage.
The orc is almost dead.
The hound closely misses you.
You hit the orc.
You kill the orc!
The hound bites you.
You hit the hound but do no damage. The hound bites you.
You hit the hound but do no damage. The hound closely misses you.
You hit the hound but do no damage. The hound barely misses you.
Casting: Kiss of Death (safe; 4% risk of failure)
Confirm with . or Enter, or press ? or * to list all spells.
Aiming: Kiss of Death (safe; 4% risk of failure)
Press: ? - help, Shift-Dir - straight line, f - hound
Aim: a hound (100% to hit)
The negative energy hits the hound.
The hound is drained!
The hound is heavily wounded.
You feel drained. The hound completely misses you.
The orc is distracted by your dazzling golden aura.
The hound bites you but does no damage.
Unknown command.
The orc shouts!
You hit the hound.
The hound is severely wounded.
The hound bites you but does no damage.
You closely miss the hound.
The hound is severely wounded.
The hound misses you.
You closely miss the hound.
The hound is severely wounded.
The hound bites you but does no damage.
You hit the hound but do no damage.
The hound is heavily wounded.
The hound barely misses you. The hound bites you.
Ouch! That really hurt!
You die...
Your body crumbles into a pile of gold.

.........# .........#
.....##### ###
.........# ...#..
.........# #.##.###
##.......####.##...
..#......##.......#
..#...)).+....[#$.#
..#.#....#.....#@#
..#............#h#
..#.............o#
..#...........$###
..#.............##
..#.......>..........
..#)......#..........
..#.......#..#######..
..######.##..# .


You could see a hound (very drained) and an orc.

Vanquished Creatures
  Sigmund (D:2)
  2 jellies (D:4)
  Natasha (thrice) (D:2)
  3 gnolls (D:2)
  4 adders
  A worm (D:2)
  3 dart slugs
  5 orcs
  6 ball pythons
  6 bats
  5 endoplasms
  2 giant cockroaches
  A goblin (D:2)
  4 hobgoblins
  15 jackals
  A frilled lizard (D:3)
  7 kobolds (D:1)
  8 rats
77 creatures vanquished.

Notes
Turn   | Place    | Note
-------+----------+-------------------------------------------
     0 | D:1      | Angani the Draconian Reaver began the quest for the Orb.
     0 | D:1      | Reached XP level 1. HP: 17/17 MP: 3/3
   257 | D:1      | Reached XP level 2. HP: 25/25 MP: 5/5
   502 | D:1      | Reached skill level 1 in Necromancy
   667 | D:1      | Reached XP level 3. HP: 29/30 MP: 6/6
  1099 | D:2      | Noticed Sigmund
  1125 | D:2      | Killed Sigmund
  1126 | D:2      | Reached XP level 4. HP: 20/40 MP: 3/7
  1126 | D:2      | Reached XP level 5. HP: 23/46 MP: 3/8
  1265 | D:2      | Noticed Natasha
  1277 | D:2      | Killed Natasha
  1483 | D:2      | Reached XP level 6. HP: 31/41 MP: 7/9
  1525 | D:2      | Noticed Natasha
  1542 | D:2      | Killed Natasha
  1671 | D:2      | Noticed Natasha
  1693 | D:2      | Killed Natasha
  1863 | D:2      | Learned a level 3 spell: Vampiric Draining
  2118 | D:2      | Found a faded altar of an unknown god.
  2571 | D:2      | Prayed at the altar of an unknown god.
  2571 | D:2      | Became a worshipper of Gozag Ym Sagoz the Greedy
  3842 | D:4      | Slain by a hound

Illustrated notes

Levels and vault maps discovered:
D:1:      scummos_arrival_forest, layout_loops_corners
D:2:      layout_basic, basic_ecumenical_altar, uniq_natasha, uniq_sigmund
D:3:      layout_basic
D:4:      layout_basic, amcnicky_altar_gilded, vehumet_statue, grunt_tough_drop

Skill      XL: |  1  2  3  4  5  6 |
---------------+-------------------+-----
Necromancy     | 1 2 3 |  3.3
Fighting       | 3 4 |  4.5
Short Blades   | 4 |  4.7
Conjurations   | 4 |  4.4
Dodging        | |  1.7
Spellcasting   | |  2.0

Action                   |  1- 3 |  4- 6 || total
-------------------------+-------+-------++-------
Melee: Short sword       |    68 |   153 ||   221
       Tailslap          |    26 |    33 ||    59
       Dagger            |   107 |    96 ||   203
       Punch             |       |     4 ||     4
 Cast: Kiss of Death     |     3 |     9 ||    12
  Use: Scroll            |       |     3 ||     3
 Stab: Distracted        |       |     2 ||     2
Armor: Skin              |    53 |    65 ||   118
Dodge: Dodged            |   102 |   139 ||   241

Table legend: (Time is in decaauts)
 A = Elapsed time spent in this place.
 B = Non-inter-level travel time spent in this place.
 C = Inter-level travel time spent in this place.
 D = Time resting spent in this place.
 E = Time spent auto-exploring this place.
 F = Levels seen in this place.
 G = Mean time per level.
                   A        B        C        D        E       F      G
               +--------+--------+--------+--------+--------+-----+--------+
         Total |   3766 |   3505 |    261 |    499 |   2269 |   4 |  941.5 |
       Dungeon |   3766 |   3505 |    261 |    499 |   2269 |   4 |  941.5 |
               +--------+--------+--------+--------+--------+-----+--------+

Top non-repeatable levels by time:
     D:2: 2076 daAuts
     D:1: 946 daAuts
     D:3: 579 daAuts
     D:4: 163 daAuts
